 Dungeon Crawl Stone Soup version 0.22.1-1-ga44c0e56f4 (webtiles) character file.

55 Jynx the Changer (level 3, -3/23 HPs)
             Began as an Octopode Transmuter on Oct 24, 2018.
             Slain by a gnoll
             ... wielding a +0 spear
              (5 damage)
             ... on level 2 of the Dungeon.
             The game lasted 00:02:27 (1734 turns).

Jynx the Changer (Octopode Transmuter)              Turns: 1734, Time: 00:02:27

Health: -3/23      AC:  2    Str:  9    XL:     3   Next: 93%
Magic:  3/6        EV: 20    Int: 15    God:
Gold:   87         SH:  0    Dex: 18    Spells: 1/7 levels left

rFire    . . .     SeeInvis .     - Unarmed
rCold    . . .     Gourm    .   (shield currently unavailable)
rNeg     . . .     Faith    .   (helmet currently unavailable)
rPois    x         Spirit   .   (no amulet)
rElec    .         Reflect  .   (no ring)
rCorr    .         Harm     .   (no ring)
MR       .....                  (no ring)
Stlth    ++........             (no ring)
HPRegen  0.07/turn              (no ring)
MPRegen  0.10/turn              (no ring)
                                (no ring)
                                (no ring)

@: spider-form (expiring)
A: tiny, almost no armour, stealthy swim, (amphibious), 8 rings, (constrict 8)
a: End Transformation


You were on level 2 of the Dungeon.
You were near starving.
You were a venomous arachnid creature.
You visited 1 branch of the dungeon, and saw 2 of its levels.

You collected 87 gold pieces.

Inventory:

Missiles
 a - 12 arrows
Scrolls
 d - a scroll of enchant armour {unknown}
 e - 2 scrolls of blinking {unknown}
 h - a scroll of teleportation {unknown}
Potions
 f - a potion of degeneration {unknown}
 g - a potion of haste {unknown}
Comestibles
 c - 3 rations


   Skills:
 - Level 1.0 Fighting
 + Level 2.6 Dodging
 - Level 3.0 Unarmed Combat
 + Level 2.5 Spellcasting
 * Level 3.2 Transmutations


You had one spell level left.
You knew the following spells:

 Your Spells              Type           Power        Failure   Level  Hunger
a - Beastly Appendage     Tmut           ##....       16%         1    #......
b - Sticks to Snakes      Tmut           ##......     22%         2    ###....
c - Spider Form           Tmut/Pois      #.........   54%         3    ###....

Your spell library contained the following spells:

 Spells                   Type           Power        Failure   Level  Hunger
 Ice Form                 Ice/Tmut       #.......     87%         4    #####..
 Blade Hands              Tmut           ##........   94%         5    ######.


Dungeon Overview and Level Annotations

Branches:
Dungeon (2/15)

Altars:


Innate Abilities, Weirdness & Mutations

You cannot wear most types of armour.
You are very stealthy in the water. (Stealth+)
((You are amphibious.))
You can wear up to eight rings at the same time.
((You can use your tentacles to constrict eight enemies at once.))
((Your skin changes colour to match your surroundings (Stealth+).))
((Your rubbery body absorbs attacks. (AC +1, EV +1)))


Message History

The gnoll shouts!
An adder comes into view.
A gnoll comes into view. It is wielding a club.
The gnoll moves out of view.
The gnoll closely misses you.
The gnoll hits you from afar with a spear.
You barely miss the gnoll. The gnoll barely misses you.
The gnoll closely misses you.
The adder hisses angrily.
You hit the gnoll but do no damage.
The gnoll is poisoned.
The gnoll misses you. The gnoll completely misses you.
You hit the gnoll.
The gnoll looks as sick as possible!
The gnoll is heavily wounded.
The gnoll hits you. The gnoll barely misses you.
A rat comes into view.
Your transformation is almost over.
The gnoll closely misses you. The gnoll hits you with a club!
* * * LOW HITPOINT WARNING * * *
The gnoll hits you from afar with a spear.
You die...

... ## ##. ...#
(..###. .......#
#>.#.## #....(.#
#.....# #.#...#
#.....###S#...##
#.........g....#
#.....###g...#
###........gg..#
#..........s.#.....
#.....######.# ###
#..##.# #.# # #
#..##.# #.# #.
#.#..##.# #.#
...#.#..##.# #.#
........##.# #.#
...........# #r#
####.......######.


You could see 4 gnolls, an adder and a rat (sleeping).

Vanquished Creatures
  An adder (D:2)
  A worm (D:2)
  A dart slug (D:1)
  4 leopard geckos (D:1)
  7 bats
  A giant cockroach (D:2)
  2 goblins
  5 hobgoblins (D:1)
  A ball python (D:1)
  4 frilled lizards (D:1)
  3 kobolds (D:1)
  9 rats (D:1)
39 creatures vanquished.

Notes
Turn   | Place    | Note
-------+----------+-------------------------------------------
     0 | D:1      | Jynx the Octopode Transmuter began the quest for the Orb.
     0 | D:1      | Reached XP level 1. HP: 13/13 MP: 3/3
   120 | D:1      | Reached XP level 2. HP: 16/18 MP: 5/5
   521 | D:1      | Reached XP level 3. HP: 14/23 MP: 6/6
   810 | D:1      | Learned a level 2 spell: Sticks to Snakes
   814 | D:1      | Learned a level 3 spell: Spider Form
  1734 | D:2      | Slain by a gnoll

Skill      XL: |  1  2  3 |
---------------+----------+-----
Transmutations | 3 |  3.2
Fighting       | |  1.0
Dodging        | |  2.6
Unarmed Combat | |  3.0
Spellcasting   | |  2.5

Action                   || total
-------------------------++-------
Melee: Unarmed           ||    92
       Constrict         ||    25
       Kick              ||    12
       Tentacles         ||     6
       Punch             ||     1
 Cast: Beastly Appendage ||    13
       Spider Form       ||     3
 Stab: Sleeping          ||     8
  Eat: Chunk             ||     2
Armor: Skin              ||     8
Dodge: Dodged            ||   106
